| TOP OF THE 1ST |
|
Elizabethton Twins batting - Pitching for Princeton Rays : LHP Han Keijzer
|
|
Pitching: LHP Han Keijzer
|
|
|
Batting: RHB Fhil Mikrakin
|
0-0: Ball 1-0: Foul Ball, location: 2F 1-1: SINGLE (Line Drive, 34D, EV 100.0 MPH)
|
|
Batting: RHB Ryan Starks
|
0-0: Called Strike 0-1: Called Strike 0-2: Grounds into double play, 4-6-3 (Groundball, 4, EV 106.2 MPH)
|
|
Batting: RHB Josh Harmon
|
0-0: Ball 1-0: Ball 2-0: DOUBLE (Line Drive, 78XD, EV 105.0 MPH)
|
|
Batting: RHB Nestor Moreno
|
0-0: Swinging Strike 0-1: Ball 1-1: Swinging Strike 1-2: Strikes out swinging
|
| Top of the 1st over - 0 runs, 2 hits, 0 errors, 1 left on base; Elizabethton 0 - Princeton 0 |
| BOTTOM OF THE 1ST |
|
Princeton Rays batting - Pitching for Elizabethton Twins : RHP Matt Parsons
|
|
Pitching: RHP Matt Parsons
|
|
|
Batting: SHB Berthold Frey
|
0-0: Swinging Strike 0-1: Called Strike 0-2: Ball 1-2: Foul Ball, location: 2F 1-2: Ball 2-2: Ball 3-2: Base on Balls
|
|
Batting: SHB Omar Cervantes
|
0-0: Ball 1-0: Ball Berthold Frey steals 2nd base (no throw) 2-0: Ball 3-0: Base on Balls
|
|
Batting: LHB Oscar Curiel
|
0-0: Grounds into double play, 4-6-3 (Groundball, 4S, EV 86.9 MPH) Berthold Frey to third
|
|
Batting: LHB Dave Northam
|
0-0: Ball 1-0: Called Strike 1-1: Ball 2-1: Fly out, F8 (Flyball, 89S, EV 93.8 MPH)
|
| Bottom of the 1st over - 0 runs, 0 hits, 0 errors, 1 left on base; Elizabethton 0 - Princeton 0 |
| TOP OF THE 2ND |
|
Elizabethton Twins batting - Pitching for Princeton Rays : LHP Han Keijzer
|
|
Batting: SHB Nadhir Umayr
|
0-0: Ball 1-0: Foul Ball, location: 2F 1-1: Fly out, F9 (Line Drive, 9, EV 88.1 MPH)
|
|
Batting: LHB Bill Lorimer
|
0-0: Called Strike 0-1: Ball 1-1: Called Strike 1-2: Ball 2-2: Strikes out swinging
|
|
Batting: RHB Wil Patterson
|
0-0: Ball 1-0: Swinging Strike 1-1: Ground out 5-3 (Groundball, 56, EV 88.8 MPH)
|
| Top of the 2nd over - 0 runs, 0 hits, 0 errors, 0 left on base; Elizabethton 0 - Princeton 0 |
| BOTTOM OF THE 2ND |
|
Princeton Rays batting - Pitching for Elizabethton Twins : RHP Matt Parsons
|
|
Batting: SHB Luis Verduzco
|
0-0: Ball 1-0: Ball 2-0: Foul Ball, location: 2F 2-1: SINGLE (Groundball, 4MD, EV 80.6 MPH) (infield hit)
|
|
Batting: RHB Mikey Sano
|
0-0: Called Strike 0-1: SINGLE (Groundball, 6MD, EV 97.5 MPH) Luis Verduzco to second Runner from 2nd tries for 3rd, SAFE, throw by CF made to third
|
|
Batting: RHB Dave Valdez
|
0-0: Ball 1-0: Foul Ball, location: 2F 1-1: Called Strike 1-2: Fielders Choice at 2nd, 1-6 (Groundball, 34S, EV 69.4 MPH)
|
|
Batting: LHB Eduardo Lopez
|
0-0: Called Strike 0-1: Fly out, F7 (Flyball, 7S, EV 92.5 MPH)
|
|
Batting: RHB Wan-ling Zhu
|
0-0: Called Strike 0-1: Called Strike 0-2: Foul Ball, location: 2F 0-2: Ball Dave Valdez is caught stealing 2nd base 2-4
|
| Bottom of the 2nd over - 0 runs, 2 hits, 0 errors, 1 left on base; Elizabethton 0 - Princeton 0 |
| TOP OF THE 3RD |
|
Elizabethton Twins batting - Pitching for Princeton Rays : LHP Han Keijzer
|
|
Batting: SHB Rodrigo Mendoza
|
0-0: Fly out, F8 (Line Drive, 8LM, EV 85.6 MPH)
|
|
Batting: LHB Joey Zamora
|
0-0: Swinging Strike 0-1: Ball 1-1: Fly out, F9 (Flyball, 89D, EV 96.9 MPH)
|
|
Batting: RHB Fhil Mikrakin
|
0-0: Called Strike 0-1: Ball 1-1: Foul Ball, location: 2F 1-2: Ball 2-2: Ball 3-2: Foul Ball, location: 2F 3-2: Ground out 4-3 (Groundball, 4, EV 103.8 MPH)
|
| Top of the 3rd over - 0 runs, 0 hits, 0 errors, 0 left on base; Elizabethton 0 - Princeton 0 |
| BOTTOM OF THE 3RD |
|
Princeton Rays batting - Pitching for Elizabethton Twins : RHP Matt Parsons
|
|
Batting: RHB Wan-ling Zhu
|
0-0: Swinging Strike 0-1: Ball 1-1: Ball 2-1: Ball 3-1: Called Strike 3-2: Foul Ball, location: 2F 3-2: Foul Ball, location: 2F 3-2: Ground out 4-3 (Groundball, 4, EV 90.6 MPH)
|
|
Batting: SHB Berthold Frey
|
0-0: Ball 1-0: Ball 2-0: Called Strike 2-1: Ball 3-1: Swinging Strike 3-2: Foul Ball, location: 2F 3-2: Fly out, F4 (Line Drive, 4, EV 70.6 MPH)
|
|
Batting: SHB Omar Cervantes
|
0-0: Ball 1-0: Ball 2-0: Ball 3-0: Base on Balls
|
|
Batting: LHB Oscar Curiel
|
0-0: Ball 1-0: Ground out 4-3 (Groundball, 34, EV 80.0 MPH)
|
| Bottom of the 3rd over - 0 runs, 0 hits, 0 errors, 1 left on base; Elizabethton 0 - Princeton 0 |
| TOP OF THE 4TH |
|
Elizabethton Twins batting - Pitching for Princeton Rays : LHP Han Keijzer
|
|
Batting: RHB Ryan Starks
|
0-0: SINGLE (Groundball, 56D, EV 101.9 MPH)
|
|
Batting: RHB Josh Harmon
|
0-0: Called Strike 0-1: Ball 1-1: Ball Ryan Starks is caught stealing 2nd base 2-4 2-1: Ground out 5-3 (Groundball, 56S, EV 80.0 MPH)
|
|
Batting: RHB Nestor Moreno
|
0-0: Ground out 5-3 (Groundball, 56, EV 101.9 MPH)
|
| Top of the 4th over - 0 runs, 1 hit, 0 errors, 0 left on base; Elizabethton 0 - Princeton 0 |
| BOTTOM OF THE 4TH |
|
Princeton Rays batting - Pitching for Elizabethton Twins : RHP Matt Parsons
|
|
Batting: LHB Dave Northam
|
0-0: SOLO HOME RUN (Flyball, 9D, EV 98.8 MPH), Distance : 380 ft
|
|
Batting: SHB Luis Verduzco
|
0-0: Ground out 4-3 (Groundball, 34D, EV 103.8 MPH)
|
|
Batting: RHB Mikey Sano
|
0-0: Swinging Strike 0-1: Ball 1-1: Called Strike 1-2: Strikes out swinging
|
|
Batting: RHB Dave Valdez
|
0-0: Foul Ball, location: 2F 0-1: Called Strike 0-2: Ground out 6-3 (Groundball, 6S, EV 69.4 MPH)
|
| Bottom of the 4th over - 1 run, 1 hit, 0 errors, 0 left on base; Elizabethton 0 - Princeton 1 |
| TOP OF THE 5TH |
|
Elizabethton Twins batting - Pitching for Princeton Rays : LHP Han Keijzer
|
|
Batting: SHB Nadhir Umayr
|
0-0: Called Strike 0-1: Ball 1-1: Called Strike 1-2: Foul Ball, location: 2F 1-2: Foul Ball, location: 2F 1-2: Fly out, F7 (Flyball, 7S, EV 85.6 MPH)
|
|
Batting: LHB Bill Lorimer
|
0-0: Ball 1-0: Ball 2-0: Called Strike 2-1: SINGLE (Line Drive, 34D, EV 98.1 MPH)
|
|
Batting: RHB Wil Patterson
|
0-0: Swinging Strike Bill Lorimer steals 2nd base 0-1: Ball 1-1: Ball Wild Pitch! Bill Lorimer to third 2-1: Ball 3-1: Base on Balls
|
|
Batting: SHB Rodrigo Mendoza
|
0-0: Ball 1-0: Called Strike 1-1: Ball 2-1: Fielders Choice at 2nd, 6-4 (Groundball, 6M, EV 103.1 MPH) Bill Lorimer scores
|
|
Batting: LHB Joey Zamora
|
0-0: Called Strike Rodrigo Mendoza is caught stealing 2nd base 2-6
|
| Top of the 5th over - 1 run, 1 hit, 0 errors, 0 left on base; Elizabethton 1 - Princeton 1 |
| BOTTOM OF THE 5TH |
|
Princeton Rays batting - Pitching for Elizabethton Twins : RHP Matt Parsons
|
|
Batting: LHB Eduardo Lopez
|
0-0: Ball 1-0: Ball 2-0: Called Strike 2-1: Called Strike 2-2: Foul Ball, location: 2F 2-2: Strikes out swinging
|
|
Batting: RHB Wan-ling Zhu
|
0-0: Called Strike 0-1: Foul Ball, location: 2F 0-2: Foul Ball, location: 2F 0-2: Ball 1-2: Ball 2-2: Hit by Pitch
|
|
Batting: SHB Berthold Frey
|
0-0: Foul Ball, location: 2F 0-1: Foul Ball, location: 2F 0-2: Ball 1-2: Foul Ball, location: 2F 1-2: Ball 2-2: Ball 3-2: Base on Balls Wan-ling Zhu to second
|
|
Pitching: LHP Mike Horton
|
|
|
Batting: SHB Omar Cervantes
|
0-0: Ball 1-0: Ball 2-0: Called Strike 2-1: Called Strike 2-2: Foul Ball, location: 2F 2-2: Ground out 5-3 (Groundball, 5, EV 83.8 MPH) Wan-ling Zhu to third Berthold Frey to second
|
|
Batting: LHB Oscar Curiel
|
0-0: Called Strike 0-1: Ball 1-1: Foul Ball, location: 2F 1-2: SINGLE (Groundball, 3D, EV 108.1 MPH) Wan-ling Zhu scores Berthold Frey to third
|
|
Batting: LHB Dave Northam
|
0-0: Ball 1-0: Swinging Strike 1-1: Foul Ball, location: 2F 1-2: Ball 2-2: Foul Ball, location: 2F 2-2: Foul Ball, location: 2F 2-2: Hit by Pitch Oscar Curiel to second
|
|
Batting: SHB Luis Verduzco
|
0-0: Ball 1-0: Fly out, F7 (Line Drive, 7, EV 91.9 MPH)
|
| Bottom of the 5th over - 1 run, 1 hit, 0 errors, 3 left on base; Elizabethton 1 - Princeton 2 |
| TOP OF THE 6TH |
|
Elizabethton Twins batting - Pitching for Princeton Rays : LHP Han Keijzer
|
|
Batting: LHB Joey Zamora
|
0-0: Ball 1-0: Called Strike 1-1: Ball 2-1: Ball 3-1: Base on Balls
|
|
Batting: RHB Fhil Mikrakin
|
0-0: Ball 1-0: Foul Ball, location: 2F 1-1: Called Strike 1-2: Strikes out swinging
|
|
Batting: RHB Ryan Starks
|
0-0: Ball 1-0: Ball 2-0: Called Strike 2-1: Called Strike 2-2: 2-RUN HOME RUN (Flyball, 7LD, EV 93.1 MPH), Distance : 329 ft
|
|
Batting: RHB Josh Harmon
|
0-0: Ball 1-0: Called Strike 1-1: Ball 2-1: Ball 3-1: Base on Balls
|
|
Batting: RHB Nestor Moreno
|
0-0: Called Strike 0-1: Ball 1-1: 2-RUN HOME RUN (Flyball, 7LD, EV 93.8 MPH), Distance : 347 ft
|
|
Pitching: RHP Cortez Cruz
|
|
|
Batting: SHB Nadhir Umayr
|
0-0: Ball 1-0: Ball 2-0: Ball 3-0: Called Strike 3-1: Base on Balls
|
|
Batting: LHB Bill Lorimer
|
0-0: Called Strike Nadhir Umayr is caught stealing 2nd base 2-6 0-1: Ball 1-1: Fly out, F7 (Flyball, 7LD, EV 106.2 MPH)
|
| Top of the 6th over - 4 runs, 2 hits, 0 errors, 0 left on base; Elizabethton 5 - Princeton 2 |
| BOTTOM OF THE 6TH |
|
Princeton Rays batting - Pitching for Elizabethton Twins : LHP Mike Horton
|
|
Batting: RHB Mikey Sano
|
0-0: Called Strike 0-1: Called Strike 0-2: Ball 1-2: Strikes out swinging
|
|
Batting: RHB Dave Valdez
|
0-0: Called Strike 0-1: Foul Ball, location: 2F 0-2: Ball 1-2: Strikes out looking
|
|
Pinch Hitting: SHB Ray Luna
|
0-0: Ball 1-0: Swinging Strike 1-1: Ball 2-1: SINGLE (Line Drive, 4D, EV 96.9 MPH)
|
|
Batting: RHB Wan-ling Zhu
|
0-0: Ball 1-0: Called Strike 1-1: Foul Ball, location: 2F 1-2: Strikes out swinging
|
| Bottom of the 6th over - 0 runs, 1 hit, 0 errors, 1 left on base; Elizabethton 5 - Princeton 2 |
| TOP OF THE 7TH |
|
Elizabethton Twins batting - Pitching for Princeton Rays : RHP Cortez Cruz
|
|
Now in LF: Luis Verduzco
|
|
|
Now in CF: Sean Boenig
|
|
|
Batting: RHB Wil Patterson
|
0-0: Ball 1-0: Ball 2-0: Ground out 4-3 (Groundball, 4, EV 84.4 MPH)
|
|
Batting: SHB Rodrigo Mendoza
|
0-0: Fly out, F7 (Line Drive, 7, EV 93.1 MPH)
|
|
Batting: LHB Joey Zamora
|
0-0: Ground out 6-3 (Groundball, 4M, EV 87.5 MPH)
|
| Top of the 7th over - 0 runs, 0 hits, 0 errors, 0 left on base; Elizabethton 5 - Princeton 2 |
| BOTTOM OF THE 7TH |
|
Princeton Rays batting - Pitching for Elizabethton Twins : LHP Mike Horton
|
|
Pitching: RHP Takeshi Kusanagi
|
|
|
Now in LF: Raul Aldaz
|
|
|
Batting: SHB Berthold Frey
|
0-0: Ball 1-0: Ball 2-0: Foul Ball, location: 2F 2-1: Foul Ball, location: 2F 2-2: Ball 3-2: Foul Ball, location: 2F 3-2: Hit by Pitch
|
|
Batting: SHB Omar Cervantes
|
0-0: Called Strike 0-1: Ball 1-1: Called Strike Berthold Frey steals 2nd base (no throw) 1-2: Strikes out looking
|
|
Batting: LHB Oscar Curiel
|
0-0: Ball 1-0: Called Strike 1-1: Ball 2-1: Swinging Strike 2-2: Ball 3-2: SINGLE (Groundball, 6D, EV 104.4 MPH) Berthold Frey to third
|
|
Batting: LHB Dave Northam
|
0-0: Ball 1-0: Fielders Choice at 2nd, 6-4 (Groundball, 6M, EV 84.4 MPH) Berthold Frey scores
|
|
Batting: SHB Luis Verduzco
|
0-0: Ball 1-0: Ground out 4-3 (Groundball, 4S, EV 83.1 MPH)
|
| Bottom of the 7th over - 1 run, 1 hit, 0 errors, 1 left on base; Elizabethton 5 - Princeton 3 |
| TOP OF THE 8TH |
|
Elizabethton Twins batting - Pitching for Princeton Rays : RHP Cortez Cruz
|
|
Batting: RHB Fhil Mikrakin
|
0-0: Ball 1-0: Ball 2-0: Ball 3-0: Called Strike 3-1: Swinging Strike 3-2: Ground out 4-3 (Groundball, 4D, EV 84.4 MPH)
|
|
Batting: RHB Ryan Starks
|
0-0: Ball 1-0: Ground out 5-3 (Groundball, 56S, EV 84.4 MPH)
|
|
Batting: RHB Josh Harmon
|
0-0: Ball 1-0: Ball 2-0: Called Strike 2-1: Foul Ball, location: 2F 2-2: SOLO HOME RUN (Flyball, 7LD, EV 91.2 MPH), Distance : 334 ft
|
|
Batting: RHB Nestor Moreno
|
0-0: Ball 1-0: Ball 2-0: Foul Ball, location: 2F 2-1: Ball 3-1: Foul Ball, location: 2F 3-2: Foul Ball, location: 2F 3-2: Base on Balls
|
|
Pitching: RHP Mike Balm
|
|
|
Batting: SHB Nadhir Umayr
|
0-0: Ball 1-0: Ball 2-0: Swinging Strike 2-1: Swinging Strike 2-2: Ball Nestor Moreno is caught stealing 2nd base 2-6
|
| Top of the 8th over - 1 run, 1 hit, 0 errors, 0 left on base; Elizabethton 6 - Princeton 3 |
| BOTTOM OF THE 8TH |
|
Princeton Rays batting - Pitching for Elizabethton Twins : RHP Takeshi Kusanagi
|
|
Pitching: RHP Miguel Montelongo
|
|
|
Batting: RHB Mikey Sano
|
0-0: Called Strike 0-1: Ball 1-1: Called Strike 1-2: Ball 2-2: Strikes out swinging
|
|
Batting: RHB Dave Valdez
|
0-0: Fly out, F7 (Line Drive, 78M, EV 86.9 MPH)
|
|
Batting: LHB Sean Boenig
|
0-0: Ball 1-0: Foul Ball, location: 2F 1-1: Foul Ball, location: 2F 1-2: Ball 2-2: Foul Ball, location: 2F 2-2: Foul Ball, location: 2F 2-2: Ball 3-2: Strikes out swinging
|
| Bottom of the 8th over - 0 runs, 0 hits, 0 errors, 0 left on base; Elizabethton 6 - Princeton 3 |
| TOP OF THE 9TH |
|
Elizabethton Twins batting - Pitching for Princeton Rays : RHP Mike Balm
|
|
Batting: SHB Nadhir Umayr
|
0-0: Called Strike 0-1: Ball 1-1: Ball 2-1: Ball 3-1: Called Strike 3-2: Base on Balls
|
|
Batting: LHB Bill Lorimer
|
0-0: Ball 1-0: Foul Ball, location: 2F 1-1: Called Strike Nadhir Umayr is caught stealing 2nd base 2-6 1-2: Ground out 3-1 (Groundball, 34S, EV 86.2 MPH)
|
|
Batting: RHB Wil Patterson
|
0-0: Ball 1-0: Foul Ball, location: 2F 1-1: Foul Ball, location: 2F 1-2: Ground out 6-3 (Groundball, 6, EV 110.0 MPH)
|
| Top of the 9th over - 0 runs, 0 hits, 0 errors, 0 left on base; Elizabethton 6 - Princeton 3 |
| BOTTOM OF THE 9TH |
|
Princeton Rays batting - Pitching for Elizabethton Twins : RHP Miguel Montelongo
|
|
Pitching: LHP Choji Tominaga
|
|
|
Batting: RHB Wan-ling Zhu
|
0-0: Called Strike 0-1: Ball 1-1: Ball 2-1: Ball 3-1: Base on Balls
|
|
Batting: SHB Berthold Frey
|
|
|
Pinch Hitting: RHB Bobby Ross
|
0-0: Grounds into double play, 4-6-3 (Groundball, 4, EV 87.5 MPH)
|
|
Batting: SHB Omar Cervantes
|
0-0: Foul Ball, location: 2F 0-1: Ball 1-1: SINGLE (Line Drive, 4MD, EV 110.6 MPH)
|
|
Batting: LHB Oscar Curiel
|
0-0: Called Strike 0-1: Ball 1-1: Swinging Strike 1-2: Ball 2-2: Ball 3-2: Foul Ball, location: 2F 3-2: Ground out 5-3 (Groundball, 15, EV 82.5 MPH)
|
| Bottom of the 9th over - 0 runs, 1 hit, 0 errors, 1 left on base; Elizabethton 6 - Princeton 3 |
|